 Dungeon Crawl Stone Soup version 0.28.0-53-g5a82cb258f (webtiles) character file.

Game seed: 6974932911853495696

1053 pkoi the Ruffian (level 7, 0/57 HPs)
             Began as a Demigod Fighter on May 24, 2022.
             Succumbed to a water moccasin's poison
             ... on level 5 of the Dungeon.
             The game lasted 00:08:05 (6435 turns).

pkoi the Ruffian (Demigod Fighter)                  Turns: 6435, Time: 00:08:06

Health: 0/57       AC: 11    Str: 17    XL:     7   Next: 76%
Magic:  13/13      EV:  9    Int: 18    God:
Gold:   195        SH:  6    Dex: 13    Spells: 4/10 levels left

rFire   . . .      SeeInvis .     - Unarmed
rCold   . . .      Faith    .   b - +1 buckler
rNeg    . . .      Spirit   .   a - +0 scale mail
rPois   .          Reflect  .   (no helmet)
rElec   .          Harm     .   p - +0 cloak
rCorr   .          Rampage  .   (no gloves)
Will    .....                   (no boots)
Stlth   ..........              (no amulet)
HPRegen 0.19/turn               h - +4 ring of protection
MPRegen 0.13/turn               (no ring)

@: mighty, lethally poisoned (0 -> -2), invisible
A: high MP 1, forlorn, divine attributes
a: no special abilities


You were on level 5 of the Dungeon.
You visited 1 branch of the dungeon, and saw 5 of its levels.

You collected 195 gold pieces.

Inventory:

Hand Weapons
 d - a +0 short sword
 i - a +0 war axe
Missiles
 l - 7 poisoned darts (quivered)
Armour
 a - a +0 scale mail (worn)
 b - a +1 buckler (worn)
 p - a +0 cloak (worn)
Jewellery
 h - a +4 ring of protection (left hand)
Wands
 g - a wand of iceblast (7)
Scrolls
 f - 3 scrolls of fog
 j - a scroll of enchant armour
 m - a scroll of amnesia
Potions
 c - 3 potions of might


   Skills:
 - Level 3.0 Fighting
 - Level 3.0 Armour
 - Level 1.0 Dodging
 - Level 4.0 Shields
 * Level 6.7 Unarmed Combat
 + Level 2.3 Spellcasting
 + Level 2.6 Hexes


You had 4 spell levels left.
You knew the following spells:

 Your Spells              Type           Power      Damage    Failure   Level
a - Slow                  Hex            44%        N/A       26%         1
b - Confusing Touch       Hex            11%        N/A       61%         3
c - Passwall              Tmut/Erth      1%         N/A       75%         2

Your spell library contained the following spells:

 Spells                   Type           Power      Damage    Failure   Level
 Ensorcelled Hibernation  Hex/Ice        12%        N/A       56%         2
 Swiftness                Air            2%         N/A       93%         3
 Vampiric Draining        Necr           2%         2d6       93%         3


Dungeon Overview and Level Annotations

Branches:
Dungeon (5/15)
 Temple: D:4-7

Shops:
D:1 *


Innate Abilities, Weirdness & Mutations

You have an increased reservoir of magic. (+10% MP)
You shall have no god before yourself.
Your divine heritage dramatically boosts your attributes as you level up.


Message History

You closely miss the water moccasin.
The water moccasin is heavily wounded.
* * * LOW HITPOINT WARNING * * *
You feel very sick.
The water moccasin bites you but does no damage.
You miss the water moccasin.
The water moccasin is heavily wounded.
* * * LOW HITPOINT WARNING * * *
You feel sick.
The water moccasin bites you but does no damage.
You catch the helpless water moccasin completely off-guard!
You punch the water moccasin!
You kill the water moccasin!
* * * LOW HITPOINT WARNING * * *
You feel sick.
Unknown command.
Okay, then.
Okay, then.
Okay, then.
You pummel the water moccasin skeleton!!
The water moccasin skeleton is heavily damaged.
You hear the rapid rusting of a drain nearby.
* * * LOW HITPOINT WARNING * * *
You feel sick.
The water moccasin skeleton bites you but does no damage.
* * * LOW HITPOINT WARNING * * *
You feel sick.
The water moccasin skeleton bites you but does no damage.
You catch the helpless water moccasin skeleton completely off-guard!
You punch the water moccasin skeleton!
The water moccasin skeleton is severely damaged.
* * * LOW HITPOINT WARNING * * *
You feel sick.
The water moccasin skeleton bites you but does no damage.
You punch the water moccasin skeleton!
You destroy the water moccasin skeleton!
* * * LOW HITPOINT WARNING * * *
You feel sick.
You barely miss the iguana.
You die...

. .. ##(.
..##.##..#
#........##
..........#
#.........# .
#.....|...# ..
##....##†## #. ####
##l###############.
#.@........#.......
#..........'.......
#..........#.<.....
#..........#÷......
########.####.####?
#.####.####.
...#........
....#........
#....#........


You could see an iguana.

Vanquished Creatures
  2 yaks (D:3)
  A water moccasin (D:5)
  A black bear (D:5)
  An ice beast (D:5)
  A bullfrog (D:4)
  A scorpion (D:5)
  A water moccasin skeleton (D:5)
  A centaur skeleton (D:5)
  2 hounds
  An iguana (D:5)
  A scorpion zombie (D:5)
  4 gnolls (D:2)
  5 adders
  2 adder skeletons (D:4)
  2 worms
  4 dart slugs
  5 orcs (D:4)
  4 ball pythons
  5 bats
  7 endoplasms
  5 giant cockroaches
  3 hobgoblins
  3 jackals (D:2)
  3 quokkas
  4 frilled lizards
  3 goblins
  A jackal skeleton (D:4)
  10 kobolds
  A rat (D:1)
84 creatures vanquished.

Notes
Turn   | Place    | Note
-------+----------+-------------------------------------------
     0 | D:1      | pkoi the Demigod Fighter began the quest for the Orb.
     0 | D:1      | Reached XP level 1. HP: 18/18 MP: 3/3
    39 | D:1      | Reached skill level 2 in Unarmed Combat
   388 | D:1      | Reached XP level 2. HP: 25/25 MP: 4/4
   772 | D:1      | Reached skill level 3 in Unarmed Combat
   922 | D:1      | Found Aveep's Assorted Antiques.
  1224 | D:2      | Reached XP level 3. HP: 6/30 MP: 5/5
  2713 | D:2      | Reached skill level 4 in Unarmed Combat
  2949 | D:2      | Reached XP level 4. HP: 29/37 MP: 6/6
  4581 | D:4      | Noticed a bullfrog
  4586 | D:4      | Killed a bullfrog
  4587 | D:4      | Reached XP level 5. HP: 45/45 MP: 7/7
  4738 | D:4      | Noticed a yak
  4738 | D:4      | Noticed a yak
  4777 | D:4      | Reached skill level 1 in Dodging
  4842 | D:3      | Killed a yak
  4843 | D:3      | Reached skill level 5 in Unarmed Combat
  4843 | D:3      | Reached XP level 6. HP: 30/51 MP: 8/8
  5138 | D:3      | Learned a level 1 spell: Slow
  5449 | D:4      | Noticed a yak
  5449 | D:4      | Noticed a yak
  5449 | D:4      | Noticed a yak
  5449 | D:4      | Noticed a yak
  5501 | D:3      | Killed a yak
  5502 | D:3      | Reached skill level 1 in Spellcasting
  5502 | D:3      | Reached skill level 1 in Hexes
  5846 | D:5      | Entered Level 5 of the Dungeon
  6038 | D:5      | Reached skill level 6 in Unarmed Combat
  6038 | D:5      | Reached XP level 7. HP: 49/57 MP: 11/11
  6215 | D:5      | Learned a level 3 spell: Confusing Touch
  6218 | D:5      | Learned a level 2 spell: Passwall
  6433 | D:5      | HP: 2/57 [poisoned by a water moccasin]
  6435 | D:5      | Succumbed to a water moccasin's poison

Illustrated notes

Levels and vault maps discovered:
D:1:      mrwooster_arrival_statue, layout_basic, basic_ecumenical_altar,
          serial_shops, nicolae_diamond_shop, st_stairs_2, due_unseen_surprise
D:2:      layout_basic, serial_corexii_hall, corexii_hall_statues_t,
          corexii_hall_statues_x, corexii_hall_statues_i
D:3:      layout_rooms, nzn_hepliaklqana_mist_gate, kennysheep_minor_cross,
          grunt_ministairs_7, minmay_statues_item,
          chequers_serial_rivers_small_b
D:4:      layout_loops_ring
D:5:      layout_gridville, nicolae_wu_jian_glorious_leap,
          mainiacjoe_overflow_six_doors_small, portal_sewer_entry_e,
          minmay_stone_trees_small, minmay_checkerbox, uniq_eustachio

Skill      XL: |  1  2  3  4  5  6  7 |
---------------+----------------------+-----
Unarmed Combat | 2 3 4 5 6 |  6.7
Fighting       | 3 |  3.0
Armour         | 3 |  3.0
Dodging        | 1 |  1.0
Shields        | 3 4 |  4.0
Spellcasting   | 1 2 |  2.3
Hexes          | 1 2 |  2.6

Action                   |  1- 3 |  4- 6 |  7- 9 || total
-------------------------+-------+-------+-------++-------
Melee: Unarmed           |   203 |   172 |    81 ||   456
  Use: Potion            |     1 |     2 |     4 ||     7
       Scroll            |     4 |     6 |     1 ||    11
 Stab: Invisible         |       |       |     4 ||     4
Armor: Scale mail        |   120 |    63 |    40 ||   223
       Skin              |       |     1 |       ||     1
Dodge: Dodged            |    78 |    59 |    26 ||   163
Block: Buckler           |    33 |    44 |    15 ||    92
